 Dungeon Sprint DCSS version 0.29.1-15-g9cfb28693d (webtiles) character file.

Game seed: 6577663268333748426

280852 Groucho the Acrobat (level 13, 76/76 HPs)
             Began as a Felid Berserker on Apr 9, 2023.
             Was an Elder of Trog.
             Escaped with the Orb!
             The game lasted 00:21:05 (5721 turns).

Groucho the Acrobat (Felid Berserker)               Turns: 5721, Time: 00:21:05

Health: 76/76      AC:  3    Str: 15    XL:     13   Next: 1%
Magic:  14/14      EV: 45    Int:  7    God:    Trog [****..]
Gold:   2919       SH:  0    Dex: 24    Spells: 12/12 levels left
                                        Lives:  1   Deaths: 1

rFire   + . .      SeeInvis +     - Unarmed
rCold   + . .      Faith    .   (shield unavailable)
rNeg    + . .      Spirit   .   (body armour unavailable)
rPois   +          Reflect  .   (helmet unavailable)
rElec   .          Harm     .   (cloak unavailable)
rCorr   .          Rampage  .   (gloves unavailable)
Will    +....      NoTele   +   (boots unavailable)
Stlth   ++++......              (no amulet)
HPRegen 0.22/turn               l - ring "Fecohua" {rF+ Dex+4 SInv Stlth+}
MPRegen 0.14/turn               f - ring of Summertime {rPois rN+ Dex+2 Slay+4 Stlth+}

@: quick
A: very small, claws 1, fangs 3, see invisible, speed 1, shaggy fur 3, stealthy
paws, no weapons or thrown items, no armour, multi-lived, dopey 1
0: Orb of Zot
a: Renounce Religion, Berserk, Trog's Hand, Brothers in Arms


You escaped.
You worshipped Trog.
Trog was greatly pleased with you.
You visited 1 branch You collected 5814 gold pieces.
You spent 2895 gold pieces at shops.

Inventory:

Hand Weapons
 s - the +2 Maxwell's thermic engine {flame, freeze}
   (You found it in the Dungeon)

   It burns those it strikes, dealing additional fire damage.
   Big, fiery blades are also staple armaments of hydra-hunters.
   It freezes those it strikes, dealing additional cold damage.
   It can also slow down cold-blooded creatures.
   It becomes more effective when it hits something.
   This effect fades over time.
Jewellery
 b - a ring of resist corrosion
 f - the ring of Summertime (right paw) {rPois rN+ Dex+2 Slay+4 Stlth+}
   (You bought it in a shop in the Dungeon)

   [ring of slaying]

   Dex:       It affects your dexterity (+2).
   Slay:      It affects your accuracy & damage with ranged weapons and melee
   (+4).
   rPois:     It protects you from poison.
   rN:        It protects you from negative energy.
   Stlth:     It makes you more stealthy.
 h - a ring of flight
 l - the ring "Fecohua" (left paw) {rF+ Dex+4 SInv Stlth+}
   (You bought it in a shop in the Dungeon)

   [ring of protection from fire]

   Dex:       It affects your dexterity (+4).
   rF:        It protects you from fire.
   SInv:      It lets you see invisible.
   Stlth:     It makes you more stealthy.
 n - a ring of willpower
 o - a ring of willpower
 r - a +6 ring of strength
 t - an amulet of faith
Wands
 g - a wand of flame (16)
Scrolls
 k - 3 scrolls of fog
 m - a scroll of enchant armour
 u - 5 scrolls of summoning
 v - a scroll of blinking
 y - a scroll of silence
Potions
 a - 6 potions of curing
 d - 3 potions of magic
 e - 2 potions of berserk rage
 i - a potion of lignification
 j - 3 potions of might
 p - a potion of flight
 q - a potion of invisibility {unknown}


   Skills:
 + Level 20.0 Fighting
 + Level 25.2 Dodging
 - Level 22.7 Stealth
 + Level 20.1 Unarmed Combat


You had 12 spell levels left.
You didn't know any spells.
Your spell library was empty.

Dungeon Overview and Level Annotations

Branches:
Dungeon (1/1)

Altars:
Cheibriados
Dithmenos
Elyvilon
Fedhas
Gozag
Hepliaklqana
Kikubaaqudgha
Makhleb
Nemelex Xobeh
Okawaru
Qazlal
Ru
Sif Muna
Trog
Uskayaw
Vehumet
Wu Jian
Xom
Yredelemnul
Zin
The Shining One
Jiyva
Lugonu

Shops:
D ([(((?=**?!?*=:[![([=[

Annotations:
D Tiamat


Innate Abilities, Weirdness & Mutations

You have sharp claws.
You have razor-sharp teeth.
You have supernaturally acute eyesight. (SInv)
You cover ground quickly. (Speed+)
Your thick and shaggy fur keeps you warm. (AC +3, rC+)
Your paws help you pounce on unaware monsters.
You are incapable of wielding weapons or throwing items.
You cannot wear armour.
You gain extra lives every three experience levels.
You are dopey. (Int -2)


Message History

Your ogre barely misses the demonspawn blood saint.
You miss the demonspawn blood saint.
The demonspawn blood saint is heavily wounded.
The demonspawn blood saint completely misses you.
You claw the demonspawn blood saint!
The demonspawn blood saint is severely wounded.
You mangle the demonspawn blood saint!!
The demonspawn blood saint is almost dead.
Your ogre closely misses the demonspawn blood saint.
The demonspawn blood saint completely misses you.
You mangle the demonspawn blood saint!!
You feel the power of Trog in you as your rage grows.
You kill the demonspawn blood saint!
Trog accepts your kill.
Your Fighting skill increases to level 20!
Welcome back to level 13!
No target in view!
You start resting.
You feel a strong urge to attack something.
You start resting.
You feel your anger nearly subside.
You start resting.
You are no longer berserk.
You are exhausted.
You feel yourself slow down.
You start resting.
You feel the effects of Trog's Hand fading.
You start resting.
Your ogre rages.
Your skin stops crawling.
You feel less strong-willed.
You start resting.
Your ogre is no longer berserk.
Your ogre disappears in a puff of smoke!
You feel yourself speed up.
You start waiting.
You recover from your berserk rage.
Things that are here:
a +0 vampiric demon whip; a +0 scale mail; a +0 demon whip
There is a staircase leading out of the dungeon, spattered with blood here.
You have escaped!

##################
#@)#..').#.)'..#__
#.)').#..'..#..'..
#..#####'#####'#__
#..####..#...#.###
#..#__####..##:#~§
#..#_____##'#_.'§~
#⌠⌠#_.∩...'..._#§~
####_..__##_.#'##§
*,,#_____###'#.#§§


There were no monsters in sight!

Vanquished Creatures
  Lom Lobon (D)
  the Lernaean hydra (D)
  A golden dragon (D)
  An Orb Guardian (D)
  A deep elf master archer (D)
  An Executioner (D)
  2 fire giants (D)
  A shadow dragon (D)
  A balrug (D)
  A demonspawn blood saint (D)
  A lorocyproca (D)
  A demonspawn black sun (D)
  A deep elf annihilator (D)
  A mummy priest (D)
  A hydra (D)
  A hell beast (D)
  2 centaur warriors (D)
  Sonja (D)
  A deep troll (D)
  A lindwurm (D)
  2 oklob plants (D)
  A gargoyle (D)
  7 unseen horrors (D)
  4 demonic crawlers (D)
  2 kobold demonologists (D)
  A hellwing (D)
  2 hornets (D)
  A slime creature (D)
  Sigmund (D)
  3 large abominations (D)
  13 hogs (D)
  A yak (D)
  2 redbacks (D)
  3 floating eyes (D)
  An ogre (D)
  7 necrophages (D)
  8 jellies (D)
  Ijyb (D)
82 creatures vanquished.

Vanquished Creatures (collateral kills)
  An Orb Guardian (D)
  2 fire giants (D)
  A shadow demon (D)
  8 shining eyes (D)
  2 merfolk sirens (D)
  3 hornets (D)
  4 floating eyes (D)
21 creatures vanquished.

Vanquished Creatures (others)
  A gargoyle (D)
  2 ballistomycete spores (D)
3 creatures vanquished.

Grand Total: 106 creatures vanquished

Notes
Turn   | Place    | Note
-------+----------+-------------------------------------------
     0 | D        | Groucho the Felid Berserker began the quest for the Orb.
     0 | D        | Reached XP level 1. HP: 10/10 MP: 2/2
     2 | D        | Noticed Ijyb
     6 | D        | Killed Ijyb
     7 | D        | Reached XP level 2. HP: 10/14 MP: 3/3
   385 | D        | Noticed an ogre
   392 | D        | Killed an ogre
   393 | D        | Reached XP level 3. HP: 17/17 MP: 4/4
   393 | D        | Reached XP level 4. HP: 21/21 MP: 5/5
   426 | D        | Noticed Sigmund
   428 | D        | Killed Sigmund
   428 | D        | Reached ** piety under Trog
   429 | D        | Reached XP level 5. HP: 24/24 MP: 6/6
   453 | D        | Found a shimmering blue altar of Sif Muna.
   454 | D        | Found an ornate altar of the Wu Jian Council.
   455 | D        | Found a radiant altar of Vehumet.
   467 | D        | Gained mutation: You are covered in thick fur. (AC +2)
                  | [Felid growth]
   467 | D        | Reached XP level 6. HP: 23/28 MP: 7/7
   816 | D        | Found Qiyz's Antique Weapon Emporium.
   816 | D        | Found an ancient bone altar of Kikubaaqudgha.
   816 | D        | Found a hazy altar of Hepliaklqana.
   816 | D        | Found a stormy altar of Qazlal.
   816 | D        | Found a hide-covered altar of Uskayaw.
   816 | D        | Found a blossoming altar of Fedhas.
   816 | D        | Found a bloodstained altar of Trog.
   816 | D        | Found an iron altar of Okawaru.
   816 | D        | Found a basalt altar of Yredelemnul.
   816 | D        | Found a glowing golden altar of the Shining One.
   816 | D        | Found a snail-covered altar of Cheibriados.
   816 | D        | Found a sacrificial altar of Ru.
   816 | D        | Found a glowing silver altar of Zin.
   816 | D        | Found a shadowy altar of Dithmenos.
   816 | D        | Found a white marble altar of Elyvilon.
   816 | D        | Noticed a yak
   817 | D        | Found an opulent altar of Gozag.
   818 | D        | Killed a yak
   819 | D        | Found a sparkling altar of Nemelex Xobeh.
   847 | D        | Found a burning altar of Makhleb.
   847 | D        | Found a shimmering altar of Xom.
   847 | D        | Noticed a slime creature
   848 | D        | Found a viscous altar of Jiyva.
   848 | D        | Found a corrupted altar of Lugonu.
   850 | D        | Killed a slime creature
   851 | D        | Reached skill level 5 in Dodging
   851 | D        | Reached XP level 7. HP: 32/32 MP: 8/8
   858 | D        | Noticed a centaur warrior
   858 | D        | Noticed a centaur warrior
   859 | D        | Killed a centaur warrior
   859 | D        | Reached *** piety under Trog
   860 | D        | Reached skill level 8 in Dodging
   860 | D        | Reached XP level 8. HP: 39/39 MP: 9/9
   860 | D        | Killed a centaur warrior
   861 | D        | Reached skill level 10 in Dodging
   862 | D        | Noticed a hornet
   865 | D        | Killed a hornet
   866 | D        | Reached XP level 9. HP: 44/44 MP: 10/10
   876 | D        | Noticed an oklob plant
   878 | D        | Killed an oklob plant
   879 | D        | Reached skill level 11 in Dodging
   884 | D        | Reached **** piety under Trog
   913 | D        | Noticed an unseen horror
   913 | D        | Noticed an unseen horror
   919 | D        | Killed an unseen horror
   921 | D        | Killed an unseen horror
   921 | D        | Reached ***** piety under Trog
   922 | D        | Reached skill level 12 in Dodging
   974 | D        | Reached ****** piety under Trog
   975 | D        | Reached skill level 10 in Fighting
   975 | D        | Reached skill level 10 in Unarmed Combat
   977 | D        | Reached XP level 10. HP: 51/51 MP: 11/11
   980 | D        | Identified the +11 hand axe "Kurir" {elec, Int+4}
   991 | D        | Found Xisuic's General Store.
   991 | D        | Found Ydicw's Jewellery Shop.
   991 | D        | Found Noejuy's General Store.
   993 | D        | Found Onwah's Magic Scroll Emporium.
   993 | D        | Found Onaic's Distillery.
   993 | D        | Found Uguowk's Magic Scroll Shoppe.
   993 | D        | Found Oloumn's General Store.
   993 | D        | Found Logem's Jewellery Emporium.
   993 | D        | Found Vilemm's Book Shop.
   993 | D        | Found Ijuatamm's Armour Shoppe.
   997 | D        | Found Plog's Distillery.
  1000 | D        | Found Ibriucw's Antique Weapon Emporium.
  1000 | D        | Found Pyreigg's Armour Boutique.
  1001 | D        | Found Qakalot's Jewellery Emporium.
  1025 | D        | Bought the ring of Summertime {rPois rN+ Dex+2 Slay+4
                  | Stlth+} for 1102 gold pieces
  1025 | D        | Bought a ring of flight for 192 gold pieces
  1089 | D        | Noticed a deep troll
  1091 | D        | Killed a deep troll
  1092 | D        | Reached skill level 13 in Dodging
  1097 | D        | Found Afooh's Armour Emporium.
  1115 | D        | Noticed Sonja
  1118 | D        | Killed Sonja
  1119 | D        | Reached skill level 14 in Dodging
  1288 | D        | Found Ituah's Weapon Boutique.
  1340 | D        | Bought the ring "Fecohua" {rF+ Dex+4 SInv Stlth+} for 521
                  | gold pieces
  1404 | D        | Reached skill level 15 in Dodging
  1417 | D        | Noticed a gargoyle
  1425 | D        | Killed a gargoyle
  1441 | D        | Noticed a lorocyproca
  1458 | D        | Killed a lorocyproca
  1459 | D        | Reached skill level 16 in Dodging
  1571 | D        | Noticed a lindwurm
  1573 | D        | Killed a lindwurm
  1574 | D        | Reached XP level 11. HP: 48/58 MP: 12/12
  1619 | D        | Reached skill level 17 in Dodging
  1764 | D        | Noticed a 12-headed hydra
  1766 | D        | Killed a 12-headed hydra
  1828 | D        | Noticed a shadow dragon
  1828 | D        | Noticed a golden dragon
  1935 | D        | Killed a shadow dragon
  1936 | D        | Reached skill level 18 in Dodging
  1937 | D        | Killed a golden dragon
  1999 | D        | Found Xate Cec's Antique Armour Shoppe.
  2098 | D        | Noticed a shining eye
  2098 | D        | Noticed a shining eye
  2098 | D        | Noticed a shining eye
  2098 | D        | Noticed a shining eye
  2098 | D        | Noticed a shining eye
  2098 | D        | Noticed a shining eye
  2100 | D        | Killed a shining eye
  2100 | D        | Gained mutation: You are dopey. (Int -2) [a shining eye]
  2101 | D        | Reached skill level 19 in Dodging
  2101 | D        | Reached skill level 15 in Unarmed Combat
  2101 | D        | Killed a shining eye
  2102 | D        | Reached skill level 15 in Fighting
  2102 | D        | Killed a shining eye
  2102 | D        | Killed a shining eye
  2103 | D        | Noticed a shining eye
  2103 | D        | Noticed a shining eye
  2104 | D        | Killed a shining eye
  2105 | D        | Gained mutation: Your thick and shaggy fur keeps you warm.
                  | (AC +3, rC+) [Felid growth]
  2105 | D        | Reached XP level 12. HP: 66/66 MP: 13/13
  2108 | D        | Reached skill level 20 in Dodging
  2115 | D        | Found Qaijoil's Antique Armour Shoppe.
  2115 | D        | Found Poink's Weapon Shop.
  2115 | D        | Found Qumeinlo's Antique Weapon Emporium.
  2115 | D        | Found Edeo's Magic Scroll Boutique.
  2417 | D        | Noticed a deep elf annihilator
  2459 | D        | Noticed a mummy priest
  2462 | D        | Killed a deep elf annihilator
  2625 | D        | Killed a mummy priest
  2630 | D        | Reached skill level 21 in Dodging
  2967 | D        | Noticed the 27-headed Lernaean hydra
  2971 | D        | Killed the 27-headed Lernaean hydra
  2973 | D        | Noticed a deep elf master archer
  2973 | D        | Found the +2 Maxwell's thermic engine {flame, freeze}
  2976 | D        | Killed a deep elf master archer
  3292 | D        | Noticed a daeva
  3301 | D        | Reached skill level 22 in Dodging
  3572 | D        | Noticed a fire giant
  3575 | D        | Noticed a fire giant
  3576 | D        | Noticed a fire giant
  3577 | D        | Noticed a fire giant
  3579 | D        | Killed a fire giant
  3596 | D        | Killed a fire giant
  3602 | D        | HP: 3/69 [fire giant/bolt of fire (24)]
  3606 | D        | Killed a fire giant
  3607 | D        | Reached XP level 13. HP: 6/73 MP: 14/14
  4010 | D        | Killed a fire giant
  4011 | D        | Reached skill level 23 in Dodging
  4493 | D        | Noticed Lom Lobon
  4567 | D        | Bought a scroll of blinking for 82 gold pieces
  4567 | D        | Bought a scroll of magic mapping for 82 gold pieces
  4567 | D        | Bought 3 scrolls of summoning for 313 gold pieces
  4567 | D        | Bought a scroll of identify for 22 gold pieces
  4567 | D        | Bought a scroll of fog for 44 gold pieces
  4619 | D        | Bought a scroll of blinking for 90 gold pieces
  4619 | D        | Bought a scroll of identify for 24 gold pieces
  4619 | D        | Bought a scroll of identify for 24 gold pieces
  4619 | D        | Bought a scroll of silence for 114 gold pieces
  4626 | D        | Bought a potion of might for 40 gold pieces
  4626 | D        | Bought a potion of heal wounds for 50 gold pieces
  4626 | D        | Bought a potion of heal wounds for 50 gold pieces
  4626 | D        | Bought a potion of might for 40 gold pieces
  4635 | D        | Bought a scroll of blinking for 105 gold pieces
  4740 | D        | Killed Lom Lobon
  5139 | D        | Got the Orb of Zot
  5139 | D        | Found the +4 dragonskin cloak
  5139 | D        | Noticed Tiamat
  5159 | D        | Killed from afar by a hellion
  5160 | D        | Reached XP level 12. HP: -21/70 MP: 13/13
  5300 | D        | Noticed an Orb Guardian
  5305 | D        | Killed an Orb Guardian
  5306 | D        | Reached skill level 24 in Dodging
  5498 | D        | Noticed a hell beast
  5508 | D        | Killed a hell beast
  5591 | D        | Noticed an Executioner
  5603 | D        | Killed an Executioner
  5635 | D        | Noticed an Orb Guardian
  5641 | D        | Killed an Orb Guardian
  5662 | D        | Noticed a balrug
  5664 | D        | Noticed a demonspawn blood saint
  5666 | D        | Noticed a demonspawn black sun
  5674 | D        | Killed a balrug
  5675 | D        | Reached skill level 25 in Dodging
  5679 | D        | Killed a demonspawn black sun
  5684 | D        | Killed a demonspawn blood saint
  5685 | D        | Reached XP level 13. HP: 76/76 MP: 14/14
  5721 | D        | Escaped with the Orb!

Illustrated notes

Levels and vault maps discovered:
D:        dungeon_sprint_1 [red_sonja_temple_1, red_sonja_temple_small_1]

Skill      XL: |  1  2  3  4  5  6  7  8  9 10 11 12 13 |
---------------+----------------------------------------+-----
Stealth        | 8 12 17 19 20 21 22 | 22.7
Fighting       | 4 6 7 10 12 15 20 | 20.0
Dodging        | 5 8 10 12 16 19 25 23 | 25.2
Unarmed Combat | 4 6 7 10 12 15 20 | 20.1

Action                   |  1- 3 |  4- 6 |  7- 9 | 10-12 | 13-15 || total
-------------------------+-------+-------+-------+-------+-------++-------
Melee: Unarmed           |     7 |    10 |    39 |   132 |     3 ||   191
       Bite              |     1 |       |     2 |    22 |     1 ||    26
       Punch             |       |       |     3 |    21 |       ||    24
Invok: Berserk           |     2 |     1 |     1 |     6 |       ||    10
       Trog's Hand       |       |       |     1 |     9 |       ||    10
       Brothers in Arms  |       |       |       |    18 |       ||    18
  Use: Potion            |       |     1 |       |     2 |     3 ||     6
       Scroll            |       |       |     1 |       |     7 ||     8
 Stab: Sleeping          |     1 |     3 |    16 |    22 |     1 ||    43
       Distracted        |       |       |       |     1 |     1 ||     2
Armor: Skin              |       |       |       |     7 |       ||     7
Dodge: Dodged            |     2 |     6 |    24 |   135 |       ||   167
